Map: Zen LE

Players

Impact - Winner!

  • Race: Zerg Zerg
  • League: Grandmaster
  • Spawn Location: 7:00

Dear

  • Race: Protoss Protoss
  • League: Master
  • Spawn Location: 1:00

VOD

Have the link to the VOD?

Description

Time

  • Played on: Jan. 16, 2020, 4:55 a.m.
  • Length: 15:46
Show
View Real Time Build Order
Export as new Build Order

Impact Zerg - Winner!

Build Orders: Hatch First 

Get SALT Encoding   

  12  0:01  Drone  
  13  0:11  Overlord  
  13  0:17  Drone  
  14  0:30  Drone x2  
  16  0:47  Hatchery  
  15  0:51  Drone  
  15  0:55  Drone  
  17  0:59  Drone  
  18  1:08  Extractor  
  17  1:15  Spawning Pool  
  17  1:17  Drone  
  17  1:22  Drone  
  18  1:28  Drone  
  19  1:38  Drone  
  20  1:49  Drone  
  20  1:52  Hatchery  
  20  1:59  Drone  
  20  2:01  Drone  
  22  2:10  Queen  
  24  2:20  Queen  
  26  2:25  Overlord  
  26  2:28  Drone  
  27  2:30  Drone  
  27  2:35  Metabolic Boost  
  28  2:43  Zergling x4  
  30  2:46  Queen  
  30  2:51  Drone  
  33  2:54  Drone  
  33  2:55  Drone  
  35  2:59  Drone  
  35  3:05  Queen  
  38  3:07  Overlord  
  38  3:10  Drone  
  39  3:14  Overlord  
  39  3:16  Drone  
  39  3:18  Drone  
  41  3:21  Overlord  
  41  3:26  Drone x2  
  43  3:27  Drone  
  43  3:34  Spore Crawler x2  
  43  3:36  Drone  
  43  3:41  Queen  
  43  3:46  Drone  
  43  3:47  Drone x2  
  48  3:48  Drone  
  48  3:51  Drone  
  48  3:54  Drone  
  50  3:59  Drone  
  50  4:00  Drone  
  50  4:01  Overlord  
  52  4:04  Drone  
  52  4:05  Drone x2  
  52  4:09  Drone  
  56  4:10  Evolution Chamber  
  56  4:13  Drone  
  56  4:14  Overlord  
  56  4:18  Drone x2  
  56  4:21  Drone  
  59  4:25  Lair  
  59  4:26  Extractor x2  
  59  4:28  Zergling x4  
  59  4:29  Zergling x2  
  59  4:31  Zergling x2  
  59  4:32  Zergling x2  
  59  4:34  Zergling x2  
  59  4:38  Baneling Nest  
  61  4:39  Drone  
  61  4:40  Drone  
  61  4:42  Zergling x4  
  64  4:46  Zergling x2  
  64  4:50  Drone x2  
  64  4:51  Zerg Melee Weapons Level 1  
  67  4:56  Drone x5  
  67  4:59  Overlord  
  72  5:05  Drone x2  
  74  5:07  Extractor  
  74  5:09  Drone  
  74  5:12  Extractor  
  71  5:15  Zergling x2  
  71  5:16  Zergling x4  
  71  5:19  Zergling x10  
  78  5:24  Zergling x4  
  78  5:28  Baneling x5  
  80  5:29  Baneling x2  
  80  5:31  Zergling x2  
  80  5:32  Overlord  
  80  5:33  Overlord  
  81  5:41  Overlord  
  73  5:50  Drone x3  
  73  5:53  Hydralisk Den, Drone x7  
  83  5:57  Drone  
  83  6:01  Drone x4  
  86  6:08  Zergling x4  
  88  6:13  Zergling x4  
  88  6:16  Hatchery, Centrifical Hooks  
  89  6:20  Zergling x2, Extractor  
  89  6:22  Baneling x2  
  89  6:24  Pneumatized Carapace  
  89  6:31  Zergling x10  
  89  6:32  Zergling x2  
  95  6:35  Grooved Spines  
  95  6:36  Drone  
  95  6:37  Drone x3, Overlord  
  95  6:38  Baneling x2  
  99  6:41  Baneling  
  99  6:42  Overlord  
  99  6:43  Overlord  
  99  6:51  Hydralisk x3  
  99  6:52  Overlord  
  99  6:54  Overlord  
  105  6:56  Overlord  
  105  7:00  Drone x2  
  106  7:01  Hydralisk  
  106  7:03  Drone  
  106  7:06  Zerg Melee Weapons Level 2  
  108  7:11  Hydralisk x2  
  112  7:16  Drone, Evolution Chamber  
  112  7:17  Drone x4  
  112  7:22  Overlord  
  116  7:23  Hydralisk  
  118  7:32  Hydralisk x3  
  118  7:35  Hydralisk  
  118  7:36  Zergling x4  
  126  7:40  Overlord x2  
  126  7:42  Spore Crawler  
  124  7:45  Hydralisk  
  124  7:46  Hydralisk x2, Muscular Augments  
  124  7:47  Zergling x2  
  124  7:49  Hydralisk  
  124  7:50  Zergling x2  
  129  7:51  Drone  
  129  7:54  Hydralisk  
  129  7:58  Hydralisk  
  132  8:01  Overseer  
  132  8:04  Hydralisk  
  136  8:08  Zergling x20  
  146  8:13  Baneling x2  
  146  8:15  Overlord  
  146  8:18  Baneling x2  
  146  8:21  Baneling x5  
  146  8:22  Zergling x2  
  146  8:26  Hatchery  
  146  8:27  Drone, Hydralisk x2  
  146  8:28  Zergling x2, Extractor  
  146  8:29  Overlord  
  146  8:31  Zergling x2  
  146  8:32  Zergling x6  
  146  8:33  Baneling x3  
  154  8:34  Zergling x2  
  154  8:38  Zergling x2  
  154  8:40  Baneling  
  154  8:41  Baneling x4  
  147  8:48  Hydralisk  
  147  8:49  Zergling x16  
  147  8:51  Zergling x2, Hydralisk  
  151  9:04  Hydralisk  
  151  9:05  Zergling x2, Hydralisk x2  
  151  9:08  Hydralisk  
  151  9:09  Zergling x2  
  150  9:13  Zergling x2, Hydralisk  
  150  9:14  Zergling x4  
  150  9:16  Hydralisk  
  148  9:17  Zergling x4, Infestation Pit  
  148  9:19  Drone  
  133  9:25  Hydralisk  
  133  9:26  Zergling x2  
  133  9:29  Zergling x2, Hydralisk  
  133  9:30  Zergling x12  
  136  9:34  Hydralisk  
  136  9:36  Hydralisk  
  131  9:43  Hydralisk x3  
  131  9:44  Zergling x2  
  131  9:45  Zergling x4  
  138  9:46  Zergling x2  
  138  9:47  Zergling x2  
  140  9:53  Zergling x12  
  140  9:57  Overlord x2  
  146  10:01  Zergling x2, Baneling x4  
  146  10:02  Zergling x10  
  146  10:03  Baneling x14  
  152  10:08  Drone  
  152  10:10  Baneling x4  
  152  10:11  Overseer  
  152  10:12  Zergling x4  
  152  10:13  Zergling x2  
  152  10:14  Zergling x4  
  158  10:15  Overseer  
  158  10:19  Hydralisk  
  158  10:20  Hydralisk  
  144  10:28  Hydralisk  
  144  10:29  Zergling x2, Hydralisk  
  144  10:30  Zergling x6  
  144  10:32  Hydralisk  
  144  10:33  Zergling x6  
  146  10:39  Zergling x2, Hydralisk  
  146  10:40  Zergling x2  
  146  10:41  Hydralisk  
  146  10:42  Zergling x8  
  141  10:46  Zergling x8  
  140  10:51  Hydralisk  
  140  10:52  Zergling x2  
  140  10:54  Zergling x8  
  143  10:59  Drone x5  
  146  11:06  Spire  
  146  11:07  Drone  
  146  11:08  Extractor, Drone x4  
  146  11:09  Baneling  
  146  11:10  Baneling x5  
  149  11:13  Spine Crawler  
  149  11:16  Overlord  
  148  11:19  Zergling x10  
  148  11:23  Baneling x8  
  148  11:24  Baneling x2  
  153  11:28  Zerg Missile Weapons Level 1  
  153  11:31  Zergling x2  
  153  11:32  Zergling x10  
  159  11:36  Zergling x2  
  159  11:37  Baneling x4  
  159  11:38  Zergling x2  
  160  11:46  Zergling x6  
  159  11:51  Hydralisk  
  159  11:52  Zergling x14  
  159  11:53  Zergling x10  
  158  11:57  Zergling x2, Hydralisk  
  152  12:04  Zergling x2, Hydralisk x2  
  152  12:05  Zergling x4  
  152  12:06  Overseer  
  144  12:12  Hydralisk  
  144  12:13  Zergling x2  
  144  12:15  Zergling x6  
  144  12:19  Baneling x8  
  144  12:20  Baneling  
  145  12:25  Overlord  
  145  12:26  Overlord x2  
  145  12:27  Extractor  
  144  12:30  Hatchery  
  144  12:34  Mutalisk x2  
  144  12:35  Mutalisk x4  
  155  12:40  Mutalisk  
  155  12:45  Mutalisk  
  155  12:49  Mutalisk  
  152  12:54  Mutalisk  
  152  12:56  Mutalisk  
  152  12:58  Zergling x26  
  159  13:03  Mutalisk  
  162  13:06  Zergling x12  
  162  13:10  Drone x3, Hydralisk  
  173  13:15  Zergling x2, Hive  
  173  13:17  Zergling x2  
  173  13:18  Zergling x4  
  173  13:19  Drone  
  178  13:21  Zerg Flyer Weapons Level 1  
  178  13:24  Baneling x2  
  178  13:25  Baneling x2  
  178  13:26  Overseer  
  178  13:30  Baneling x6  
  178  13:31  Baneling  
  178  13:32  Zergling x4  
  179  13:36  Overseer x2  
  179  13:39  Baneling x4  
  179  13:40  Baneling  
  179  13:54  Zergling x10  
  179  13:55  Zergling x14  
  183  14:12  Hydralisk x6  
  183  14:13  Zergling x4  
  183  14:14  Zergling x16  
  189  14:17  Zergling x6  
  189  14:20  Overlord  
  189  14:21  Overlord  
  191  14:26  Baneling x11  
  191  14:27  Baneling  
  191  14:31  Zergling x8  
  195  14:36  Baneling x6  
  195  14:37  Zergling x2  
  195  14:38  Zergling x6  
  195  14:43  Zergling x12  
  199  14:52  Baneling  
  199  14:53  Baneling x4  
  183  15:02  Hydralisk x7  
  183  15:03  Zergling x6  
  183  15:05  Zergling x2, Hydralisk  
  169  15:10  Zergling x2, Hydralisk  
  169  15:11  Zergling x4  
  163  15:17  Zergling x2  
  163  15:18  Zergling x10  
  163  15:20  Hydralisk  
  155  15:21  Zergling x6  
  155  15:22  Overseer  
  155  15:26  Zergling x4  
  152  15:33  Overseer  
Show
View Real Time Build Order
Export as new Build Order

Dear Protoss 

Build Orders: 1 Gate Expand, Oracle Opening 

Get SALT Encoding   

  12  0:00  Probe  
  13  0:12  Probe  
  14  0:19  Pylon  
  14  0:24  Probe  
  15  0:37  Probe (Chrono Boost)  
  16  0:48  Probe (Chrono Boost), Gateway  
  17  0:53  Probe (Chrono Boost)  
  17  0:55  Assimilator  
  18  1:03  Probe  
  19  1:15  Probe  
  20  1:26  Nexus  
  20  1:36  Cybernetics Core  
  20  1:40  Probe  
  20  1:46  Assimilator  
  21  1:52  Probe  
  22  1:56  Pylon  
  22  2:04  Probe  
  23  2:12  Adept (Chrono Boost)  
  25  2:16  Probe  
  25  2:20  Stargate  
  26  2:28  Warp Gate, Probe (Chrono Boost)  
  27  2:38  Stalker  
  27  2:39  Probe (Chrono Boost)  
  27  2:41  Probe (Chrono Boost)  
  31  2:49  Probe x2 (Chrono Boost)  
  33  2:54  Probe (Chrono Boost)  
  33  2:55  Probe  
  35  3:02  Oracle (Chrono Boost)  
  38  3:06  Probe  
  38  3:07  Probe  
  40  3:18  Probe  
  40  3:19  Probe  
  42  3:25  Gateway  
  42  3:26  Gateway  
  42  3:30  Probe  
  42  3:31  Probe  
  42  3:32  Pylon  
  44  3:37  Twilight Council  
  44  3:42  Probe  
  44  3:43  Probe  
  46  3:54  Probe  
  46  3:55  Probe  
  48  3:59  Pylon  
  48  4:01  Nexus  
  48  4:06  Probe  
  48  4:07  Probe  
  50  4:12  Resonating Glaives (Chrono Boost)  
  50  4:19  Adept x2  
  50  4:20  Adept  
  50  4:21  Probe x2  
  58  4:25  Pylon  
  58  4:29  Assimilator  
  58  4:33  Probe x2, Assimilator  
  60  4:42  Adept  
  60  4:43  Adept x2  
  60  4:45  Probe x2  
  68  4:47  Pylon  
  68  4:57  Probe x2  
  68  4:59  Robotics Facility  
  70  5:05  Adept x3  
  76  5:09  Probe x2  
  78  5:19  Probe  
  79  5:21  Probe  
  79  5:22  Probe  
  81  5:31  Probe, Sentry x3  
  81  5:33  Probe  
  81  5:34  Probe  
  90  5:43  Probe  
  90  5:45  Probe  
  90  5:48  Probe  
  90  5:50  Observer (Chrono Boost)  
  90  5:52  Charge  
  90  5:55  Probe  
  90  5:57  Forge  
  91  5:58  Stalker  
  91  6:02  Pylon  
  91  6:04  Assimilator, Warp Prism (Chrono Boost)  
  91  6:07  Assimilator  
  93  6:13  Gateway  
  93  6:14  Gateway  
  93  6:15  Gateway  
  93  6:17  Gateway  
  93  6:19  Pylon  
  93  6:20  Probe x3  
  93  6:22  Pylon x2  
  93  6:24  Protoss Ground Weapons Level 1 (Chrono Boost)  
  96  6:26  Pylon  
  96  6:30  Photon Cannon  
  96  6:33  Probe x3, Pylon  
  96  6:34  Pylon  
  96  6:38  Warp Prism (Chrono Boost)  
  101  6:45  Templar Archives  
  101  6:48  Gateway  
  101  7:03  Pylon  
  101  7:05  Nexus  
  101  7:09  Probe x3  
  101  7:15  Photon Cannon, Stalker x3  
  108  7:19  Photon Cannon  
  110  7:23  Stalker  
  110  7:24  Stalker x2  
  116  7:31  Psionic Storm  
  116  7:36  Zealot  
  117  7:38  Zealot  
  117  7:39  Zealot  
  118  7:54  Probe x2  
  118  7:55  Probe, High Templar x2  
  118  7:56  High Templar  
  118  7:57  High Templar  
  129  8:02  High Templar x2  
  133  8:06  Probe  
  133  8:07  Probe x2  
  133  8:08  Photon Cannon  
  133  8:09  Photon Cannon  
  133  8:11  Assimilator  
  136  8:16  Assimilator  
  136  8:17  Photon Cannon  
  136  8:18  Photon Cannon  
  136  8:19  Probe, Pylon  
  137  8:22  High Templar, Photon Cannon  
  137  8:25  High Templar  
  141  8:30  Archon  
  141  8:33  Photon Cannon  
  141  8:38  Forge  
  141  8:39  Probe  
  141  8:40  Probe x2  
  141  8:41  High Templar x2  
  148  8:48  Archon  
  136  8:53  Zealot x3  
  124  8:56  Zealot x2  
  118  9:04  Zealot  
  118  9:09  Archon x2  
  108  9:15  Zealot x5  
  107  9:17  Probe x4  
  107  9:19  Zealot x2  
  104  9:29  Probe x3  
  103  9:35  High Templar x5  
  103  9:36  High Templar  
  103  9:37  Shield Battery  
  113  9:39  Shield Battery  
  113  9:40  Zealot x2  
  113  9:43  Probe x3  
  112  9:47  Probe  
  112  9:49  Assimilator  
  113  9:53  Pylon  
  113  9:55  Probe x2  
  113  9:56  Photon Cannon  
  115  10:01  High Templar x2  
  115  10:02  Probe  
  115  10:03  Probe  
  115  10:04  Pylon  
  115  10:05  Archon  
  121  10:08  High Templar x2  
  121  10:10  Zealot x4  
  121  10:13  Archon  
  120  10:31  Archon x2  
  120  10:32  Zealot x3  
  120  10:33  Zealot  
  120  10:34  Zealot x2  
  90  10:36  Probe x2  
  90  10:37  Probe  
  74  10:46  High Templar x2  
  76  10:54  High Templar x3  
  76  10:55  High Templar  
  76  10:56  Zealot x2  
  82  11:01  Photon Cannon  
  82  11:02  Photon Cannon  
  80  11:05  Nexus  
  80  11:11  Shield Battery  
  80  11:12  Shield Battery  
  80  11:14  Photon Cannon  
  80  11:16  High Templar  
  80  11:17  High Templar  
  84  11:19  Probe x3  
  84  11:21  Archon  
  84  11:24  Zealot x2  
  91  11:27  Zealot  
  91  11:28  Zealot x3  
  91  11:31  Probe x3  
  96  11:48  Zealot  
  96  11:49  Zealot x7  
  96  11:51  Archon x2  
  108  11:58  Probe x3  
  77  12:10  Zealot x5  
  77  12:14  High Templar x3  
  91  12:19  Probe x3  
  91  12:20  Probe  
  95  12:28  Assimilator  
  95  12:32  High Templar x2  
  95  12:33  High Templar x2  
  95  12:34  High Templar  
  95  12:36  Archon  
  105  12:37  Archon  
  105  12:43  Pylon  
  104  12:44  Pylon  
  104  12:49  Stalker  
  104  12:50  Stalker x2  
  107  12:56  Probe x4  
  99  13:07  High Templar  
  99  13:08  High Templar x3  
  107  13:13  Phoenix (Chrono Boost), Archon x2  
  107  13:19  Photon Cannon  
  109  13:20  Shield Battery  
  109  13:21  Photon Cannon  
  109  13:29  Phoenix (Chrono Boost)  
  109  13:32  Probe  
  109  13:33  Probe x2  
  109  13:34  Probe  
  115  13:35  High Templar  
  115  13:36  High Templar  
  115  13:40  Archon  
  119  13:48  Phoenix (Chrono Boost)  
  115  14:14  Zealot x6  
  123  14:22  Phoenix (Chrono Boost)  
  121  14:39  High Templar x5  
  121  14:40  High Templar, Zealot x2  
  121  14:45  Archon x2  
  137  14:46  Archon  
  137  14:56  Stargate  
  137  14:58  Fleet Beacon  
  103  15:08  Zealot x2  
  103  15:12  Zealot x5  
  75  15:23  Zealot  
  63  15:29  Zealot x2  
  57  15:36  Zealot x5  
Tags
 
Add a new tag
Caveats
  • Supply blocks, unpowered buildings, or Contaminate may cause inaccurate times.
  • Supply counts are checked every 10 seconds.